AoeStats
← |GaoeG| flamingo

Arabia

508883174Analyzed
2v2 RM · 8d ago on Sep 24, 2026· 47m 31s· 4 players
Game mode
Random Map
Map size
Medium (4 player)
Population
200
Speed
Normal
Resources
Standard
Victory
Conquest
Starting age
Dark Age
Ending age
Imperial Age
RankedLock teamsTeams togetherTeam positionsShared explorationLock speedFull tech treeHidden civsTurbo modeCheats
Victory
Defeat
🇦🇷 Wu · Argentina
1478
+10
🇦🇷 Romans · Argentina
1122
+24
🇪🇸 Spanish · Spain
1414
-21
🇪🇸 Hindustanis · Spain
1228
-13
cristiandk22
6:45 Loom
9:15 Feudal Age
9:43 Double-Bit Axe
16:19 Fletching
20:54 Padded Archer Armor
24:10 Castle Age
22:42 Gold Mining
24:14 Scale Mail Armor
24:09 Horse Collar
24:13 Crossbowman
24:56 Bodkin Arrow
25:12 Pikeman
26:43 Wheelbarrow
29:46 Forging
32:18 Chain Mail Armor
32:17 Stone Mining
38:19 Squires
39:06 Bow Saw
40:18 Leather Archer Armor
41:08 Ballistics
41:36 Heavy Plow
48:04 Imperial Age
47:27 Town Watch
Eman3007
7:04 Loom
7:09 Loom
9:57 Feudal Age
10:14 Man-at-Arms
10:55 Double-Bit Axe
14:19 Fletching
15:19 Scale Mail Armor
20:10 Castle Age
18:15 Horse Collar
20:36 Gold Mining
21:22 Wheelbarrow
23:21 Bow Saw
25:57 Pikeman
29:16 Town Watch
31:16 Hand Cart
34:52 Forging
34:57 Chain Mail Armor
34:39 Bodkin Arrow
37:34 Imperial Age
35:05 Town Patrol
37:09 Iron Casting
37:03 Padded Archer Armor
37:38 Long Swordsman
37:38 Halberdier
38:19 Squires
38:09 Capped Ram
39:36 Elite Skirmisher
40:59 Gold Shaft Mining
40:53 Siege Ram
42:10 Leather Archer Armor
42:09 Heavy Plow
41:59 Stone Mining
42:34 Ballistics
43:33 Blast Furnace
43:05 Coinage
44:33 Chemistry
43:39 Siege Engineers
44:47 Ring Archer Armor
44:22 Scale Barding Armor
46:39 Ballistas
46:54 Comitatenses
46:55 Conscription
45:58 Long Swordsman
48:20 Chain Barding Armor
JITANOmaleant7
6:13 Loom
9:41 Feudal Age
14:56 Double-Bit Axe
14:55 Horse Collar
18:04 Wheelbarrow
21:47 Castle Age
20:05 Gold Mining
22:08 Bloodlines
22:10 Scale Barding Armor
22:16 Forging
21:51 Light Cavalry
23:25 Bow Saw
24:16 Husbandry
26:05 Chain Barding Armor
27:02 Heavy Plow
36:25 Heavy Plow
36:47 Stone Mining
42:31 Imperial Age
42:24 Padded Archer Armor
44:52 Light Cavalry
47:18 Fletching
|GaoeG| flamingo
6:56 Loom
9:40 Feudal Age
10:41 Double-Bit Axe
10:39 Horse Collar
22:46 Castle Age
22:30 Bloodlines
22:13 Fletching
22:23 Padded Archer Armor
23:46 Bow Saw
23:35 Gold Mining
23:48 Bodkin Arrow
24:23 Husbandry
28:01 Gold Shaft Mining
31:04 Thumb Ring
31:46 Wheelbarrow
32:44 Ballistics
42:16 Imperial Age
42:56 Leather Archer Armor
Connection lost

Rejoining the realm…

Still unreachable

The connection could not be restored.

Session expired

The server has moved on; the page needs a fresh start.